 Dungeon Crawl Stone Soup version 0.30-a0-605-gb2882149bf (webtiles) character file.

Game seed: 13856739801802771232

0 drugrobin the Sneak (level 1, -2/18 HPs)
             Began as a Demigod Delver on Jan 7, 2023.
             Slain by a kobold
             ... wielding a +1 short sword of venom
              (4 damage)
             ... on level 3 of the Dungeon.
             The game lasted 00:01:21 (271 turns).

drugrobin the Sneak (Demigod Delver)                 Turns: 271, Time: 00:01:21

Health: -2/18      AC:  3    Str: 13    XL:     1   Next: 6%
Magic:  3/3        EV: 11    Int: 12    God:
Gold:   12         SH:  0    Dex: 15    Spells: 0/0 levels left

rFire   . . .      SeeInvis .    b - +0 halberd
rCold   . . .      Faith    .    (shield currently unavailable)
rNeg    . . .      Spirit   .    a - +0 leather armour
rPois   .          Reflect  .    (no helmet)
rElec   .          Harm     .    (no cloak)
rCorr   .          Rampage  .    (no gloves)
Will    .....                    (no boots)
Stlth   +++                      (no amulet)
HPRegen 0.23/turn                (no ring)
MPRegen 0.08/turn                (no ring)

@: lethally poisoned (-2 -> -5), hasted, very quick
A: high MP 1, forlorn, divine attributes
a: no special abilities


You were on level 3 of the Dungeon.
You visited 1 branch of the dungeon, and saw 3 of its levels.

You collected 12 gold pieces.

Inventory:

Hand Weapons
 b - a +0 halberd (weapon)
Armour
 a - a +0 leather armour (worn)
Jewellery
 d - a ring of protection from cold
Wands
 f - a wand of digging (2)
Scrolls
 c - a scroll of magic mapping
 g - a scroll of enchant armour {unknown}
 h - a scroll of fog
 i - a scroll of teleportation {unknown}


   Skills:
 + Level 2.7 Fighting
 + Level 1.7 Dodging
 + Level 4.5 Stealth
 + Level 1.8 Unarmed Combat


You couldn't memorise any spells.
You didn't know any spells.
Your spell library was empty.

Dungeon Overview and Level Annotations

Branches:
Dungeon (5/15)
 Temple: D:4-7

Annotations:
D:5 exclusion: ogre


Innate Abilities, Weirdness & Mutations

You have an increased reservoir of magic. (+10% MP)
You shall have no god before yourself.
Your divine heritage dramatically boosts your attributes as you level up.


Message History

Found a scroll of fear.
Unknown command.
Okay, then.
You feel yourself speed up.
The orc priest shouts!
You hear a shout!
The orc priest casts a cantrip, but nothing happens.
The iguana closely misses you.
An orc comes into view. It is wielding a +0 whip.
The endoplasm closely misses you.
Unknown command.
Found a stone staircase leading up.
There is a stone staircase leading up here.
You climb upwards.
Found 16 gold pieces.
There is a stone staircase leading down here.
A kobold comes into view.
It is wielding a +1 short sword of venom.
Okay, then.
Okay, then.
You aren't carrying any potions.
Unknown command.
Unknown command.
The kobold shouts!
Reach: b) +0 halberd
Press: ? - help, Dir - move target, f - kobold
Aim: a kobold, wielding a +1 short sword of venom and quivering stones (about 60% to evade your +0 halberd)
You reach to attack!
You barely miss the kobold. You closely miss the kobold.
The kobold barely misses you.
You closely miss the kobold.
The kobold hits you with a +1 short sword of venom.
You are lethally poisoned!
You hit the kobold but do no damage.
* * * LOW HITPOINT WARNING * * *
You feel sick.
The kobold hits you with a +1 short sword of venom.
* * * LOW HITPOINT WARNING * * *
You closely miss the kobold.
* * * LOW HITPOINT WARNING * * *
You feel sick.
The kobold hits you with a +1 short sword of venom.
You die...

# . .#.#
###.#.###
#>.......
#
#.#.#$##.
#.##.#.#
#......#
####.###
#@# #K#
#.# #..
###


You could see a kobold.

Vanquished Creatures
  A ball python (D:4)
1 creature vanquished.

Notes
Turn   | Place    | Note
-------+----------+-------------------------------------------
     0 | D:5      | drugrobin the Demigod Delver began the quest for the Orb.
     0 | D:5      | Reached XP level 1. HP: 18/18 MP: 3/3
    12 | D:5      | Noticed an ogre
   218 | D:4      | Noticed an orc priest
   238 | D:4      | Noticed an orc priest
   242 | D:4      | Noticed an iguana
   271 | D:3      | Slain by a kobold

Illustrated notes

Levels and vault maps discovered:
D:3:      layout_loops_cross, ebering_ghost_gozag
D:4:      layout_rooms, nzn_wu_jian_council_hall,
          worldfamousw_hep_ancestral_shrine, mainiacjoe_overflow_paths,
          elyvilon_altar_4, hangedman_abyss_or_decor_stabs
D:5:      layout_basic, led_xom_imps, mainiacjoe_overflow_chevrons,
          minmay_temple_entry_glass, grunt_ministairs_8

Action                   || total
-------------------------++-------
Melee: Halberd           ||    11
Evoke: Wand              ||     1
  Use: Scroll            ||     2
       Potion            ||     1
Armor: Leather armour    ||     2
Dodge: Dodged            ||    10

Table legend: (Time is in decaauts)
 A = Elapsed time spent in this place.
 B = Non-inter-level travel time spent in this place.
 C = Inter-level travel time spent in this place.
 D = Time resting spent in this place.
 E = Time spent auto-exploring this place.
 F = Levels seen in this place.
 G = Mean time per level.
                   A        B        C        D        E       F      G
               +--------+--------+--------+--------+--------+-----+--------+
         Total |    266 |    266 |      0 |      0 |    103 |   3 |   88.7 |
       Dungeon |    266 |    266 |      0 |      0 |    103 |   3 |   88.7 |
               +--------+--------+--------+--------+--------+-----+--------+

Top non-repeatable levels by time:
     D:5: 205 daAuts
     D:4: 53 daAuts
     D:3: 7 daAuts
